 Dungeon Crawl Stone Soup version 0.31-a0-1002-g8e65716e6e (webtiles) character file.

Game seed: 14354310346104823354

2851 BritishOli the Fighter (level 9, -1/73 (79) HPs)
             Began as a Demonspawn Fighter on Nov 10, 2023.
             Was a Believer of Makhleb.
             Slain by a wight
             ... wielding a +0 flail
              (7 damage)
             ... on level 6 of the Dungeon.
             The game lasted 00:12:23 (6270 turns).

BritishOli the Fighter (Demonspawn Fighter)         Turns: 6270, Time: 00:12:24

HP:   -1/73 (79)    AC: 18    Str: 32    XL:     9   Next: 46%
MP:   9/9           EV:  7    Int: 10    God:    Makhleb [**....]
Gold: 236           SH:  9    Dex: 15    Spells: 8/8 levels left

rFire   x . .        H - +4 rapier "Tiorat" {drain, rPois rF- Dex+2}
rCold   . . .        c - +0 buckler
rNeg    . . .        z - +0 plate armour
rPois   +            (helmet restricted)
rElec   .            (no cloak)
rCorr   .            (no gloves)
SInv    .            (no boots)
Will    .....        l - amulet of faith Stlth
                     g - +6 ring of strength
HPRegen 0.32/turn    i - +6 ring of strength
MPRegen 0.11/turn

%: faith
@: studying Throwing, drained
A: antennae 2, rugged brown scales 1, icemail 1, condensation shield
a: Renounce Religion, Minor Destruction


You were on level 6 of the Dungeon.
You worshipped Makhleb.
Makhleb was pleased with you.
You visited 1 branch of the dungeon, and saw 7 of its levels.
You also visited: Sewer.

You collected 236 gold pieces.

Inventory:

Hand Weapons
 A - a +0 hand axe of draining
 H - the +4 rapier "Tiorat" (weapon) {drain, rPois rF- Dex+2}
   (You found it on level 6 of the Dungeon)

   Dex+2:     It affects your dexterity (+2).
   rF-:       It makes you vulnerable to fire.
   rPois:     It protects you from poison
Armour
 c - a +0 buckler (worn)
 z - a +0 plate armour (worn)
Jewellery
 g - a +6 ring of strength (left hand)
 i - a +6 ring of strength (right hand)
 l - an amulet of faith (around neck)
 u - a ring of ice
 F - a ring of willpower
 G - a ring of positive energy
Wands
 v - a wand of iceblast (16)
Scrolls
 e - 7 scrolls of identify {unknown}
 f - 3 scrolls of vulnerability {unknown}
 k - a scroll of amnesia {unknown}
 m - 2 scrolls of fear {unknown}
 n - 3 scrolls of fog {unknown}
 o - 2 scrolls of teleportation {unknown}
 p - 2 scrolls of revelation {unknown}
 w - a scroll of poison {unknown}
 y - 3 scrolls of enchant weapon {unknown}
 C - a scroll of enchant armour {unknown}
Potions
 d - a potion of might
 h - 2 potions of curing {unknown}
 j - a potion of attraction {unknown}
 q - 2 potions of brilliance {unknown}
 r - a potion of invisibility {unknown}
 s - 3 potions of mutation {unknown}
 t - 2 potions of berserk rage {unknown}
 x - a potion of degeneration {unknown}
 B - 2 potions of ambrosia {unknown}
 D - a potion of heal wounds {unknown}
 E - a potion of cancellation {unknown}


   Skills:
 * Level 9.5 Fighting
 + Level 1.7 Short Blades
 - Level 6.0 Axes
 + Level 6.7 Armour
 - Level 3.0 Shields


You had 8 spell levels left.
You didn't know any spells.
Your spell library contained the following spells:

 Spells                   Type           Power      Damage    Failure   Level
 Sting                    Tmut/Pois      0%         1d3       98%         1
 Poisonous Vapours        Pois/Air       0%         N/A       99%         2
 Wereblood                Tmut           0%         N/A       99%         2
 Ignite Poison            Fire/Tmut/Pois 0%         N/A       100%        3
 Ozocubu's Armour         Ice            0%         N/A       100%        3
 Tukima's Dance           Hex            0%         N/A       100%        3
 Olgreb's Toxic Radiance  Pois           0%         N/A       100%        4
 Passage of Golubria      Tloc           0%         N/A       100%        4
 Sticky Flame             Conj/Fire      0%         2d3       100%        4
 Irradiate                Conj/Tmut      0%         3d11      100%        5
 Metabolic Englaciation   Hex/Ice        0%         N/A       100%        5
 Yara's Violent Unravell  Hex/Tmut       0%         3d3       100%        5
 Simulacrum               Ice/Necr       0%         N/A       100%        6
 Malign Gateway           Summ/Tloc      0%         N/A       100%        7
 Ignition                 Fire           0%         3d3       100%        8
 Summon Horrible Things   Summ           0%         N/A       100%        8


Dungeon Overview and Level Annotations

Branches:
Dungeon (7/15)              Sewer (visited)
 Temple: D:4-7

Altars:
Ashenzari
Dithmenos
Gozag
Makhleb
Ru
Trog
Vehumet

Shops:
D:7 [(([


Innate Abilities, Weirdness & Mutations

You have a pair of antennae on your head.
You are partially covered in rugged brown scales. (AC +1, +3% HP)
A meltable icy envelope protects you from harm. (AC +4)
A meltable shield of frost defends you. (SH +4)


Message History

Something hits you but does no damage.
Okay, then.
Okay, then.
Aiming: Iceblast
Press: ? - help, Shift-Dir - straight line, f - wight
Aim: a wight, wielding a +0 falchion and wearing a +0 robe The mass of ice explodes!
The iceblast engulfs the wight.
The wight partially resists.
The wight is moderately damaged.
The iceblast engulfs the sleepcap!
The sleepcap is heavily damaged.
The iceblast engulfs the wight.
The wight partially resists.
The wight is lightly damaged.
The iceblast engulfs you.
* * * LOW HITPOINT WARNING * * *
The iceblast engulfs the wight.
The wight partially resists.
The wight is moderately damaged.
The iceblast engulfs something!
You block the sleepcap's attack. Something hits you but does no damage.
The wight hits you but does no damage. x2
Aiming: Iceblast
Press: ? - help, Shift-Dir - straight line, f/p - wight
Aim: a wight, wielding a +0 falchion and wearing a +0 robe (moderately damaged)
The mass of ice explodes!
The iceblast engulfs the wight!
The wight partially resists.
The wight is severely damaged.
The iceblast engulfs the sleepcap!
You destroy the sleepcap!
Makhleb accepts your kill.
The iceblast engulfs the wight!
The wight partially resists.
The wight is severely damaged.
The iceblast engulfs you!
* * * LOW HITPOINT WARNING * * *
The iceblast engulfs the wight!
The wight partially resists.
The wight is severely damaged.
The iceblast engulfs something!
Makhleb accepts your kill.
You feel better.
Reactivating autopickup.
You feel a bit more experienced. The wight hits you with a +0 flail!
You die...

#######################
#......................
#.#####################
#.##<.)..........##
#........)........#
##########...##########
####@[['...'.........
#...zz##...##########
#.._z..#...# #..
#._8_..#...# #..
#.._...#...# #..
#.....'#[)># #..
#.##.....### #..
#........# #..
####.....# #..


You could see 3 wights.

Vanquished Creatures
  A water moccasin (D:6)
  3 sky beasts (D:6)
  An ice beast (D:5)
  2 orc warriors (D:5)
  2 ogres (D:5)
  3 phantoms (D:5)
  5 kobold brigands (Sewer)
  3 bullfrogs (D:6)
  2 scorpions
  3 wights (D:6)
  2 howler monkeys
  2 jellies (D:5)
  6 orc priests
  A hound (D:5)
  2 iguanas (D:6)
  2 sleepcaps (D:6)
  10 orc wizards
  6 gnolls
  14 adders
  6 river rats (Sewer)
  3 shadow imps
  A white imp (D:4)
  4 ufetubi
  4 worms
  A dart slug (D:4)
  30 orcs
  6 endoplasms
  2 giant cockroaches (D:3)
  5 goblins
  6 hobgoblins
  3 jackals (D:3)
  14 kobolds
  3 quokkas
  14 ball pythons
  6 bats
  A frilled lizard (D:3)
  9 rats
188 creatures vanquished.

Notes
Turn   | Place    | Note
-------+----------+-------------------------------------------
     0 | D:1      | BritishOli the Demonspawn Fighter began the quest for the
                  | Orb.
     0 | D:1      | Reached XP level 1. HP: 18/18 MP: 1/1
     5 | D:1      | Noticed an octopode
    11 | D:1      | Noticed a tengu
    11 | D:1      | Noticed a merfolk zombie
    15 | D:1      | Noticed an ogre
    17 | D:1      | Noticed a minotaur
   234 | D:1      | Gained mutation: A meltable shield of frost defends you.
                  | (SH +4) [demonic ancestry]
   234 | D:1      | Reached XP level 2. HP: 24/24 MP: 2/2
   530 | D:2      | Reached XP level 3. HP: 28/29 MP: 3/3
   776 | D:2      | Found a bloodstained altar of Trog.
   953 | D:3      | Found a transporter.
   958 | D:3      | You fall into a shaft and drop 2 floors!
   958 | D:5      | Entered Level 5 of the Dungeon
   963 | D:5      | Noticed a scorpion
   992 | D:3      | Found a transporter.
   997 | D:3      | Gained mutation: A meltable icy envelope protects you from
                  | harm. (AC +4) [demonic ancestry]
   997 | D:3      | Reached XP level 4. HP: 28/35 MP: 4/4
  1153 | D:3      | Found a glowing drain.
  1162 | Sewer    | Entered a sewer
  1614 | Sewer    | Noticed a kobold brigand
  1627 | Sewer    | Killed a kobold brigand
  1628 | Sewer    | Reached skill level 4 in Fighting
  1628 | Sewer    | Reached XP level 5. HP: 38/42 MP: 5/5
  1733 | Sewer    | Gained mutation: You are partially covered in rugged brown
                  | scales. (AC +1, +3% HP) [demonic ancestry]
  1733 | Sewer    | Reached XP level 6. HP: 37/50 MP: 6/6
  2019 | Sewer    | Reached skill level 5 in Fighting
  2156 | Sewer    | Gained mutation: You have a pair of small antennae on your
                  | head. [demonic ancestry]
  2156 | Sewer    | Reached XP level 7. HP: 30/57 MP: 7/7
  2358 | D:3      | Found a broken altar of Ashenzari.
  3036 | D:4      | Found a sacrificial altar of Ru.
  3295 | D:4      | Reached skill level 6 in Fighting
  3908 | D:5      | Reached skill level 5 in Armour
  3932 | D:5      | Gained mutation: You have a pair of antennae on your head.
                  | [demonic ancestry]
  3932 | D:5      | Reached XP level 8. HP: 42/66 MP: 8/8
  4061 | D:5      | Reached skill level 7 in Fighting
  4083 | D:5      | Reached skill level 5 in Axes
  4674 | D:6      | Found a shadowy altar of Dithmenos.
  4675 | D:6      | Found a burning altar of Makhleb.
  4675 | D:6      | Found a radiant altar of Vehumet.
  4675 | D:6      | Found an opulent altar of Gozag.
  4743 | D:6      | Became a worshipper of Makhleb the Destroyer
  4949 | D:5      | Reached skill level 8 in Fighting
  5191 | D:6      | Reached XP level 9. HP: 59/77 MP: 9/9
  5214 | D:6      | Reached * piety under Makhleb
  5550 | D:6      | Identified the +4 rapier "Tiorat" {drain, rPois rF- Dex+2}
  5706 | D:7      | Reached skill level 9 in Fighting
  5902 | D:7      | Found Wurih's Antique Weapon Emporium.
  5903 | D:7      | Found Jyttass's Armour Emporium.
  5904 | D:7      | Found Maetoplyzakk's Armour Emporium.
  5916 | D:7      | Found Aguitz's Antique Weapon Emporium.
  5930 | D:6      | Reached skill level 1 in Short Blades
  5938 | D:6      | Reached ** piety under Makhleb
  6270 | D:6      | HP: 2/73 [shot self (16)]
  6270 | D:6      | Slain by a wight

Illustrated notes

Levels and vault maps discovered:
D:1:      shiori_arrival_whats_in_store_for_you, layout_basic
D:2:      layout_rooms, basic_altar
D:3:      gammafunk_wand_slinger, layout_rooms, evilmike_ruin_ashenzari,
          portal_sewer_entry_d
D:4:      layout_rooms, mainiacjoe_overflow_surrounded_room, serial_library,
          serial_library_regret_index_branch_corner,
          serial_library_hellmonk_narrow_alcove,
          serial_library_hellmonk_angled_corner,
          serial_library_hellmonk_filled_rooms,
          serial_library_hellmonk_hallway_b, serial_library_hellmonk_h_bend,
          serial_library_hellmonk_octagon
D:5:      wander_river, layout_loops_ring
D:6:      layout_basic, chequers_temple_overflow_statue_of_worship
D:7:      layout_cave_pools, minmay_temple_entry_fiery, minmay_shop_grid_forest

Skill      XL: |  1  2  3  4  5  6  7  8  9 |
---------------+----------------------------+-----
Axes           | 2 3 4 5 6 |  6.0
Armour         | 3 4 5 6 |  6.7
Shields        | 3 |  3.0
Fighting       | 4 5 6 8 9 |  9.5
Short Blades   | 1 |  1.7

Action                     |  1- 3 |  4- 6 |  7- 9 || total
---------------------------+-------+-------+-------++-------
  Melee: War axe           |   107 |   209 |   239 ||   555
         Hand axe          |       |       |   119 ||   119
         Rapier            |       |       |   125 ||   125
  Evoke: Wand              |       |       |     8 ||     8
 Armour: Scale mail        |    85 |   142 |   185 ||   412
         Plate armour      |       |       |   344 ||   344
  Dodge: Dodged            |    48 |    74 |   257 ||   379
  Block: Buckler           |    61 |    87 |   278 ||   426

Table legend: (Time is in decaauts)
 A = Elapsed time spent in this place.
 B = Non-inter-level travel time spent in this place.
 C = Inter-level travel time spent in this place.
 D = Time resting spent in this place.
 E = Time spent auto-exploring this place.
 F = Levels seen in this place.
 G = Mean time per level.
                   A        B        C        D        E       F      G
               +--------+--------+--------+--------+--------+-----+--------+
         Total |   6662 |   6460 |    202 |   1070 |   3572 |   8 |  832.8 |
       Dungeon |   5347 |   5145 |    202 |    897 |   2793 |   7 |  763.9 |
         Sewer |   1314 |   1314 |      0 |    173 |    778 |   1 | 1314.0 |
               +--------+--------+--------+--------+--------+-----+--------+

Top non-repeatable levels by time:
     D:6: 1325 daAuts
   Sewer: 1314 daAuts
     D:5: 1251 daAuts
     D:4: 916 daAuts
     D:3: 784 daAuts
     D:2: 517 daAuts
     D:1: 461 daAuts
     D:7: 91 daAuts
